 Dungeon Crawl Stone Soup version 0.16-a0-1970-g0967df0 (webtiles) character file.

40 thegroundistoosoft the Insei (level 3, 0/29 HPs)
             Began as a Mummy Monk on Nov 8, 2014.
             Slain by an adder (4 damage)
             ... on level 2 of the Dungeon.
             The game lasted 00:04:10 (1765 turns).

thegroundistoosoft the Insei (Mummy Monk)           Turns: 1765, Time: 00:04:10

Health: 0/29       AC:  1    Str: 14    XL:     3   Next: 30%
Magic:  3/3        EV: 13    Int:  9    God:
Gold:   45         SH:  0    Dex: 15    Spells: 0 memorised, 2 levels left

rFire  x . .     SeeInvis .       - Unarmed
rCold  + . .     Clarity  .     (no armour)
rNeg   + + +     SustAb   .     (no shield)
rPois  +         Gourm    .     (no helmet)
rElec  .         Spirit   .     (no cloak)
rCorr  .         Warding  .     (no gloves)
rMut   .         Stasis   .     d - +0 pair of boots
MR     .....                    (no amulet)
Stlth  ++........               (no ring)
                                (no ring)

@: not resistant to hostile enchantments, unstealthy
A: no food or potions, fire vulnerability, restore body, cold resistance 1,
negative energy resistance 3, poison resistance, torment resistance, unbreathing
a: no special abilities


You were on level 2 of the Dungeon.
You were not hungry.

You visited 1 branch of the dungeon, and saw 2 of its levels.

You collected 45 gold pieces.


Innate Abilities, Weirdness & Mutations

You do not eat or drink.
Your flesh is vulnerable to fire.
Your flesh is cold resistant.
You are immune to negative energy.
Your system is resistant to poisons.
You are immune to unholy pain and torment.
You can survive without breathing.


   Skills:
 - Level 3.0 Fighting
 - Level 2.4 Dodging
 - Level 1.5 Stealth
 + Level 4.2 Unarmed Combat


You had 2 spell levels left.
You didn't know any spells.

Inventory:

Armour
 d - a +0 pair of boots (worn)
Scrolls
 a - 3 scrolls of identify {unknown}
 b - a scroll of enchant weapon {unknown}
 c - a scroll of magic mapping {unknown}

Dungeon Overview and Level Annotations

Branches:
Dungeon (2/15)

Altars:

Annotations:
D:2 exclusion: adder

. . .......
#.......
........####.
#.............
#.............
#.....#....... #
#....†S†.......
#. #....@......#
#.###..........#
######
#..........#####
#.....
#.....######
######.....
#..........#
#..........
#..........#
##......####
#..........#
#..!....# #
#..........#
#......## #
#..........#
#......# #


You could see an adder.


Message History

The adder is severely wounded.
The adder bites you.
You miss the adder.
The adder is severely wounded.
The adder bites you. The adder closely misses you.
You barely miss the adder.
The adder is severely wounded.
The adder closely misses you.
You hit the adder.
The adder is severely wounded.
The adder closely misses you.
You closely miss the adder.
The adder is severely wounded.
The adder barely misses you.
You miss the adder.
The adder is severely wounded.
The adder closely misses you.
You miss the adder.
The adder is severely wounded.
The adder bites you.
* * * LOW HITPOINT WARNING * * *
The adder bites you.
* * * LOW HITPOINT WARNING * * *
You miss the adder. Your punch misses the adder.
The adder is severely wounded.
The adder misses you.
You hit the adder.
The adder is almost dead.
The adder bites you.
You die...

Action                   || total
-------------------------++-------
Melee: Unarmed           ||   107
 Stab: Sleeping          ||     3

Vault maps used:
D:1:      grunt_arrival_lava_bath
D:2:      serial_bayou_crossing

Notes
Turn   | Place    | Note
--------------------------------------------------------------
     0 | D:1      | thegroundistoosoft, the Mummy Monk, began the quest for the Orb.
     0 | D:1      | Reached XP level 1. HP: 18/18 MP: 1/1
     7 | D:1      | Artagel: thegroundisindeedtoosoft
     7 | D:1      | the true nature of the egyptian master race is hid
     7 | D:1      | thegroundistoosoft: oh shit
     7 | D:1      | thegroundistoosoft: it cuts off notes
     7 | D:1      | thegroundistoosoft: fuck
   319 | D:1      | Reached XP level 2. HP: 21/24 MP: 2/2
   809 | D:1      | Reached skill level 4 in Unarmed Combat
   954 | D:1      | Reached XP level 3. HP: 21/29 MP: 3/3
  1765 | D:2      | Slain by an adder

Vanquished Creatures
  A giant mite (D:1)
  A worm (D:2)
  A giant cockroach (D:1)
  6 goblins (D:1)
  2 hobgoblins (D:1)
  2 ball pythons (D:1)
  5 bats
  3 giant geckos
  2 giant newts
  2 kobolds (D:1)
  3 rats (D:1)
28 creatures vanquished.
